 Dungeon Crawl Stone Soup version 0.32-a0-685-g93135e8 (webtiles) character file.

Game seed: 12217300981320463365

6059 skewfiend the Severer (level 10, -7/94 HPs)
             Began as a Mountain Dwarf Fighter on Mar 12, 2024.
             Was a Priest of Nemelex Xobeh.
             Mangled by a ynoxinul (8 damage)
             ... summoned by a kobold demonologist
             ... on level 10 of the Dungeon.
             The game lasted 00:23:44 (9117 turns).

skewfiend the Severer (Mountain Dwarf Fighter)      Turns: 9117, Time: 00:23:44

Health: -7/94      AC: 11    Str: 20    XL:     10   Next: 57%
Magic:  25/25      EV:  8    Int:  8    God:    Nemelex Xobeh [***...]
Gold:   531        SH:  0    Dex: 13    Spells: 9/9 levels left

rFire   . . .        K - +7 battleaxe
rCold   . . .        (shield currently unavailable)
rNeg    . . .        y - +0 chain mail
rPois   .            h - +1 helmet
rElec   .            (no cloak)
rCorr   +            (no gloves)
SInv    .            (no boots)
Will    +....        A
                       - Hermit's Pendant {Faith Invo=14 Evo=0 MP+5} Stlth
                     H - ring of flight
HPRegen 0.35/turn    M - ring of resist corrosion
MPRegen 0.19/turn

%: faith
@: flying
A: runic magic, artefact enchanting
a: Renounce Religion, Draw Escape, Draw Destruction, Draw Summoning, Triple Draw


You were on level 10 of the Dungeon.
You worshipped Nemelex Xobeh.
Nemelex Xobeh was most pleased with you.
You visited 2 branches of the dungeon, and saw 11 of its levels.

You collected 531 gold pieces.

Inventory:

Hand Weapons
 a - a +0 war axe
 d - a +0 scythe
 l - a +3 hand axe of flaming
 r - a +3 vampiric trident
 v - a +1 whip of electrocution
 D - a +1 whip of venom
 E - a +5 spear of freezing
 F - a +4 morningstar
 K - a +7 battleaxe (weapon)
Missiles
 k - 88 stones (quivered)
 w - 2 boomerangs
 C - 11 poisoned darts
 T - a throwing net
Armour
 c - a +0 buckler
 g - a +1 scale mail of cold resistance
 h - a +1 helmet (worn)
 y - a +0 chain mail (worn)
 z - an orb of energy
Magical Staves
 s - a staff of cold
Jewellery
 A - the Hermit's Pendant (around neck) {Faith Invo=14 Evo=0 MP+5}
   (You found it on level 5 of the Dungeon)

   [amulet of faith]

   Invo=14: It sets your Invocations skill to 14.
   Evo=0: It sets your Evocations skill to 0.
   Faith:     It allows you to gain divine favour quickly.
   MP+5:      It affects your magic capacity (+5).
 B - an amulet of magic regeneration
 H - a ring of flight (left hand)
 M - a ring of resist corrosion (right hand)
 O - a ring of ice
Talismans
 q - a beast talisman
Wands
 t - a wand of warping (16)
Scrolls
 b - a scroll of blinking {unknown}
 e - a scroll of revelation
 f - a scroll of fog
 i - 2 scrolls of enchant armour
 j - 2 scrolls of vulnerability
 m - a scroll of enchant weapon
 o - a scroll of silence
 p - a scroll of immolation
 u - a scroll of noise
 x - a scroll of poison
 J - a scroll of amnesia {unknown}
 N - a scroll of torment {unknown}
 P - a scroll of teleportation
Potions
 n - a potion of cancellation
 G - a potion of ambrosia
 I - 5 potions of curing
 L - a potion of enlightenment
 Q - 3 potions of magic
 R - 2 potions of attraction
 S - 2 potions of heal wounds {unknown}


   Skills:
 + Level 10.7 Fighting
 * Level 15.4 Axes
 - Level 3.2 Armour
 - Level 3.2 Shields


You had 9 spell levels left.
You didn't know any spells.
Your spell library contained the following spells:

 Spells                   Type           Power      Damage    Failure   Level
 Kiss of Death            Conj/Necr      0%         2d5       58%         1
 Cigotuvi's Dreadful Rot  Necr/Alch/Air  0%         N/A       73%         2
 Ensorcelled Hibernation  Hex/Ice        0%         N/A       73%         2
 Fugue of the Fallen      Necr           0%         N/A       91%         3
 Hailstorm                Conj/Ice       0%         3d5       91%         3
 Passwall                 Erth           0%         N/A       91%         3
 Summon Ice Beast         Ice/Summ       0%         N/A       91%         3
 Swiftness                Air            0%         N/A       91%         3
 Anguish                  Hex/Necr       0%         N/A       100%        4
 Cause Fear               Hex            0%         N/A       100%        4
 Ignite Poison            Fire/Alch      0%         N/A       100%        4
 Fireball                 Conj/Fire      0%         3d3       100%        5
 Freezing Cloud           Conj/Ice/Air   0%         6-21      100%        5
 Permafrost Eruption      Ice/Erth       0%         2x4d2     100%        6
 Sculpt Simulacrum        Ice/Alch       0%         N/A       100%        6
 Dragon's Call            Summ           0%         N/A       100%        9


Dungeon Overview and Level Annotations

Branches:
Dungeon (10/15)            Temple (1/1) D:6             Orc (0/2) D:9
   Lair: D:8-11

Altars:
Ashenzari
Cheibriados
Dithmenos
Elyvilon
Gozag
Hepliaklqana
Kikubaaqudgha
Nemelex Xobeh
Okawaru
Qazlal
Ru
Sif Muna
Trog
Uskayaw
Vehumet
Wu Jian
Xom
Zin

Shops:
D:9 [

Annotations:
D:3 1 runed translucent door


Innate Abilities, Weirdness & Mutations

Your spellcasting is much less encumbered by armour.
You can use scrolls of enchantment on lesser artefacts.


Message History

You barely miss the ynoxinul.
The ynoxinul hits you but does no damage.
The kobold hits you but does no damage.
Unknown command.
You slice the kobold!!
You kill the kobold!
You slash the ynoxinul!
You feel sick. The ynoxinul gestures at you. The iron shot hits you!
Unknown command.
You slash the kobold demonologist!
The kobold demonologist is heavily wounded.
You slash the ynoxinul!
You feel sick.
You are no longer poisoned.
The ynoxinul gestures at you. The iron shot hits you!!
* * * LOW HITPOINT WARNING * * *
A kobold comes into view. It is wielding a +0 whip.
The kobold demonologist mumbles some strange words.
You draw a card...
You have drawn Pain.
Press: ? - help, Shift-Dir - straight line, f - kobold demonologist
Aim: a kobold demonologist, wielding a +0 dagger and wearing a +0 robe (heavily wounded)
The kobold demonologist convulses!
The ynoxinul gestures.
A kobold comes into view. It is wielding a +0 club.
The kobold demonologist hits you but does no damage.
The ynoxinul hits you.
* * * LOW HITPOINT WARNING * * *
Unknown command.
You draw a card...
You have drawn Pain.
Press: ? - help, Shift-Dir - straight line, f/p - kobold demonologist
Aim: a kobold demonologist, wielding a +0 dagger and wearing a +0 robe (severely wounded)
The kobold demonologist convulses!
The ynoxinul hits you.
* * * LOW HITPOINT WARNING * * *
The kobold demonologist hits you but does no damage.
The ynoxinul hits you!
You die...
Your body glows slightly and disappears.

#.# #.#.# ### #.#
###.#.# ..# #.#
#.....# #.# #.#
#.....# #.# #.#
#.....# #.# #.#
#.....# #.# #.#
#.....# #.# ##.#
###'#.###.#
...#########.#.3@K3#
.............####35#
......######## #K5#
#####.# #K.K...K.#
.#.##.# #K#........
<#.##.# ##.###.#..#
##.##.# #. #.#..#
...##.# # ..# .#
##.##.# ## .#


You could see a sun demon (summoned), a kobold demonologist, 2 ynoxinuls, 2
ufetubi and 2 kobolds.

Vanquished Creatures
  2 two-headed ogres (D:9)
  Jeremiah (D:6)
  Grinder (D:5)
  Sigmund (D:2)
  A wyvern (D:10)
  Grum (D:8)
  A steam dragon (D:8)
  2 water moccasins
  A black bear (D:4)
  6 ogres
  An ice beast (D:7)
  2 centaurs (D:8)
  4 wolves (D:8)
  A phantom (D:6)
  The ghost of Aorika the Magician, an amateur DEAl (D:3)
  4 bullfrogs
  A gnoll sergeant (D:9)
  A kobold brigand (D:6)
  A scorpion (D:4)
  9 wights
  15 killer bees
  A howler monkey (D:8)
  3 bombardier beetles
  3 hounds
  An orc priest (D:7)
  9 orc wizards
  8 adders
  11 gnolls
  A river rat (D:3)
  A shadow imp (D:7)
  4 ufetubi (D:6)
  3 ribbon worms
  2 dart slugs
  18 orcs
  10 endoplasms
  5 giant cockroaches
  4 goblins
  11 hobgoblins
  2 jackals (D:3)
  16 kobolds
  3 quokkas
  5 ball pythons
  6 bats
  2 frilled lizards (D:2)
  3 rats
189 creatures vanquished.

Notes
Turn   | Place    | Note
-------+----------+-------------------------------------------
     0 | D:1      | skewfiend the Mountain Dwarf Fighter began the quest for
                  | the Orb.
     0 | D:1      | Reached XP level 1. HP: 19/19 MP: 1/1
   278 | D:1      | Reached skill level 3 in Axes
   356 | D:1      | Reached XP level 2. HP: 21/26 MP: 2/2
  1012 | D:2      | Noticed Sigmund
  1048 | D:2      | Killed Sigmund
  1049 | D:2      | Reached skill level 5 in Axes
  1049 | D:2      | Reached XP level 3. HP: 20/34 MP: 3/3
  1049 | D:2      | Reached XP level 4. HP: 25/41 MP: 4/4
  1049 | D:2      | Reached XP level 5. HP: 28/47 MP: 5/5
  1286 | D:2      | Reached skill level 6 in Axes
  1925 | D:3      | Found a shadowy altar of Dithmenos.
  2074 | D:3      | Reached skill level 5 in Fighting
  2112 | D:3      | Reached XP level 6. HP: 15/56 MP: 6/6
  2368 | D:3      | Found a runed translucent door.
  2379 | D:3      | Noticed Aorika's ghost (amateur DEAl)
  2398 | D:3      | Found a runed translucent door.
  2413 | D:3      | Found a faded altar of an unknown god.
  2434 | D:3      | Got Plato's Textbook on Left-Handed Secrets
  2788 | D:4      | Found a shimmering blue altar of Sif Muna.
  2813 | D:4      | Reached skill level 7 in Axes
  3048 | D:4      | Reached XP level 7. HP: 38/62 MP: 7/7
  3135 | D:4      | Found a sparkling altar of Nemelex Xobeh.
  3174 | D:4      | Became a worshipper of Nemelex Xobeh the Trickster
  3253 | D:4      | Reached skill level 8 in Axes
  3659 | D:5      | Entered Level 5 of the Dungeon
  3660 | D:5      | Found a hide-covered altar of Uskayaw.
  3766 | D:5      | Noticed Grinder
  3777 | D:5      | Paralysed by Grinder for 2 turns
  3780 | D:5      | Killed Grinder
  4005 | D:5      | Found the Hermit's Pendant {Faith Invo=14 Evo=0 MP+5}
  4014 | D:5      | Reached skill level 9 in Axes
  4250 | D:5      | Reached XP level 8. HP: 59/71 MP: 18/18
  4940 | D:6      | Reached skill level 10 in Axes
  5188 | D:6      | Noticed Jeremiah
  5201 | D:6      | Found a staircase to the Ecumenical Temple.
  5211 | D:6      | Killed Jeremiah
  5212 | D:6      | Reached skill level 11 in Axes
  5462 | Temple   | Entered the Ecumenical Temple
  5482 | D:6      | Reached * piety under Nemelex Xobeh
  5573 | D:6      | Found a sacrificial altar of Ru.
  5592 | D:6      | Reached XP level 9. HP: 70/81 MP: 19/19
  5665 | D:6      | You fall into a shaft and drop 3 floors!
  5665 | D:9      | Found a staircase to the Orcish Mines.
  5685 | D:9      | Received a gift from Nemelex Xobeh
  5777 | D:9      | Found an ancient bone altar of Kikubaaqudgha.
  5948 | D:8      | Reached skill level 12 in Axes
  6428 | D:3      | Killed Aorika's ghost
  6709 | D:7      | Reached ** piety under Nemelex Xobeh
  6959 | D:7      | Reached skill level 13 in Axes
  6973 | D:7      | Found a radiant altar of Vehumet.
  7130 | D:8      | Noticed Grum
  7137 | D:8      | Killed Grum
  7373 | D:8      | Reached skill level 14 in Axes
  7373 | D:8      | Reached XP level 10. HP: 74/93 MP: 20/20
  7912 | D:8      | Reached skill level 10 in Fighting
  8215 | D:9      | Noticed a two-headed ogre
  8273 | D:9      | Killed a two-headed ogre
  8401 | D:9      | Identified the +2 leather armour of Erphad {+Inv rPois rC+}
  8573 | D:9      | Noticed a two-headed ogre
  8595 | D:9      | Killed a two-headed ogre
  8596 | D:9      | Reached skill level 15 in Axes
  8698 | D:9      | Found Wug Jaeduepn's Armour Boutique.
  8707 | D:9      | Received a gift from Nemelex Xobeh
  8863 | D:9      | Reached *** piety under Nemelex Xobeh
  8945 | D:10     | Entered Level 10 of the Dungeon
  9081 | D:10     | Received a gift from Nemelex Xobeh
  9112 | D:10     | Noticed a sun demon
  9117 | D:10     | HP: 1/94 [ynoxinul[a kobold demonologist] (5)]
  9117 | D:10     | Mangled by a ynoxinul

Illustrated notes

Levels and vault maps discovered:
D:1:      minmay_arrival_nine_rooms, layout_loops_corners, grunt_decor_cap
D:2:      layout_loops_ring, uniq_sigmund
D:3:      layout_basic, nicolae_dithmenos_through_a_glass_darkly,
          ebering_ghost_sewer_f, shapermc_ecumenical_altar_rom_forum
D:4:      layout_basic, nemelex_xobeh_ov_fountains_minmay, lemuel_tele_altar,
          amcnicky_mini_pool_small
D:5:      layout_loops_ring, mainiacjoe_overflow_catwalk, uniq_grinder
D:6:      layout_rooms, overflow_temple_1_default,
          minmay_temple_entry_sparse_star, minmay_tree_intersection,
          uniq_jeremiah
D:7:      layout_basic, kennysheep_mini, st_stairs_8
D:8:      layout_basic, mrwooster_statue_mirror, uniq_grum
D:9:      layout_irregular_city, mainiacjoe_overflow_tiny_flanked, orc_0_dummy,
          serial_shops, shop
D:10:     layout_basic, chequers_temple_overflow_statue_of_worship,
          makhleb_altar_promises_db, marbit_many_paths, uniq_josephine
Temple:   hellmonk_temple_of_storms

Skill      XL: |  1  2  3  4  5  6  7  8  9 10 |
---------------+-------------------------------+-----
Axes           | 3 5 6 7 9 11 14 15 | 15.4
Fighting       | 4 5 6 8 9 10 | 10.7
Armour         | |  3.2
Shields        | |  3.2

Action                     |  1- 3 |  4- 6 |  7- 9 | 10-12 || total
---------------------------+-------+-------+-------+-------++-------
  Melee: War axe           |    52 |    38 |       |       ||    90
         Hand axe          |       |   139 |   208 |       ||   347
         Battleaxe         |       |       |    60 |    70 ||   130
  Throw: Stone             |       |       |     6 |     1 ||     7
         Boomerang         |       |       |     2 |       ||     2
         Dart              |       |       |       |    10 ||    10
 Invoke: Draw Escape       |       |       |     1 |       ||     1
         Draw Destruction  |       |       |       |     3 ||     3
  Evoke: Wand              |       |       |     1 |       ||     1
    Use: Potion            |     1 |     1 |     4 |     2 ||     8
         Scroll            |       |     3 |    11 |     2 ||    16
   Stab: Invisible         |       |       |     3 |       ||     3
 Armour: Scale mail        |    33 |   128 |    33 |       ||   194
         Chain mail        |       |       |   242 |    82 ||   324
  Dodge: Dodged            |    25 |   102 |   113 |    31 ||   271
  Block: Buckler           |     7 |    37 |    51 |       ||    95

Table legend: (Time is in decaauts)
 A = Elapsed time spent in this place.
 B = Non-inter-level travel time spent in this place.
 C = Inter-level travel time spent in this place.
 D = Time resting spent in this place.
 E = Time spent auto-exploring this place.
 F = Levels seen in this place.
 G = Mean time per level.
                   A        B        C        D        E       F      G
               +--------+--------+--------+--------+--------+-----+--------+
         Total |   9116 |   8496 |    620 |    679 |   6319 |  11 |  828.7 |
       Dungeon |   9115 |   8496 |    619 |    679 |   6319 |  10 |  911.5 |
        Temple |      1 |      1 |      0 |      0 |      0 |   1 |    1.0 |
               +--------+--------+--------+--------+--------+-----+--------+

Top non-repeatable levels by time:
     D:5: 1306 daAuts
     D:9: 1111 daAuts
     D:3: 1066 daAuts
     D:8: 1006 daAuts
     D:4: 961 daAuts
     D:1: 890 daAuts
     D:2: 888 daAuts
     D:6: 871 daAuts
     D:7: 840 daAuts
    D:10: 171 daAuts
  Temple: 1 daAuts
